Map: [ESL] Royal Blood

Players

Coffee - Winner!

  • Race: Terran Terran
  • Spawn Location: 1:00

Jieshi

  • Race: Protoss Protoss
  • Spawn Location: 7:00

Event: ESL SC2 Masters 2023 Summer (Regionals)

VOD

Have the link to the VOD?

Description

Time

  • Played on: May 6, 2023, 8:50 a.m.
  • Length: 7:25

All games in this series

Show
View Real Time Build Order
Export as new Build Order

Coffee Terran - Winner!

Build Orders: Banshee Rush 

Get SALT Encoding   

  12  0:00  SCV  
  13  0:12  SCV  
  14  0:17  Supply Depot  
  14  0:24  SCV  
  15  0:39  Barracks, SCV  
  16  0:45  Refinery  
  16  0:51  SCV  
  16  0:55  Refinery  
  17  1:03  SCV  
  18  1:15  SCV  
  19  1:27  Reaper  
  19  1:28  Orbital Command  
  20  1:42  Bunker  
  20  1:47  Factory  
  20  1:53  SCV  
  21  1:59  Reaper  
  22  2:06  SCV  
  23  2:31  Factory Reactor  
  23  2:35  Command Center  
  23  2:43  Starport  
  23  2:47  Supply Depot  
  23  3:00  SCV  
  23  3:09  Hellion x2  
  23  3:12  SCV  
  27  3:21  Starport Tech Lab  
  27  3:26  Supply Depot  
  28  3:30  Hellion x2  
  31  3:39  Cloaking Field  
  31  3:46  Barracks, Banshee  
  31  3:47  Orbital Command, SCV  
  35  3:57  Factory Tech Lab  
  35  3:59  SCV  
  35  4:02  Marine x2  
  38  4:08  Orbital Command  
  38  4:11  SCV  
  38  4:20  Marine x2  
  38  4:28  SCV, Siege Tank  
  40  4:35  Banshee  
  40  4:38  Marine x2  
  45  4:40  SCV  
  45  4:41  SCV  
  47  4:51  Supply Depot  
  47  4:52  SCV  
  48  4:55  SCV, Marine  
  48  4:56  Marine  
  51  5:00  Siege Tank  
  51  5:06  Barracks Tech Lab  
  54  5:13  SCV  
  55  5:17  SCV  
  55  5:20  Refinery, Supply Depot  
  56  5:25  SCV  
  55  5:29  Marine x2  
  55  5:30  Marine  
  55  5:31  Stimpack  
  55  5:32  Siege Tank  
  55  5:35  Barracks  
  59  5:42  SCV x2  
  61  5:47  Marine x2  
  61  5:48  Medivac  
  65  5:54  SCV x2  
  65  5:56  Supply Depot  
  67  5:57  Supply Depot  
  66  6:18  Marine x3  
  66  6:22  Bunker  
  66  6:23  Bunker  
  62  6:26  Marine  
  62  6:27  Siege Tank  
  62  6:29  SCV  
  66  6:35  Marine x2  
  66  6:36  Marine  
  69  6:41  Medivac  
  69  6:44  SCV x2  
  73  6:48  Marine  
  73  6:49  Engineering Bay  
  73  6:53  Marine  
  75  6:57  Marine  
  75  6:59  SCV x2  
  75  7:01  Marine  
  82  7:06  Marine  
Show
View Real Time Build Order
Export as new Build Order

Jieshi Protoss 

Build Orders: 1 Gate Expand 

Get SALT Encoding   

  12  0:00  Probe  
  13  0:12  Probe  
  14  0:17  Pylon  
  14  0:25  Probe (Chrono Boost)  
  15  0:36  Gateway  
  15  0:37  Probe (Chrono Boost)  
  16  0:44  Probe (Chrono Boost)  
  16  0:46  Assimilator  
  17  0:51  Probe  
  18  1:03  Probe  
  19  1:19  Nexus  
  19  1:28  Cybernetics Core  
  19  1:31  Probe  
  20  1:36  Assimilator  
  20  1:43  Probe  
  21  1:47  Pylon  
  21  1:55  Probe  
  22  2:02  Stalker (Chrono Boost)  
  22  2:05  Warp Gate  
  24  2:10  Shield Battery  
  24  2:12  Probe  
  22  2:24  Probe  
  22  2:26  Stalker (Chrono Boost)  
  24  2:34  Probe  
  24  2:36  Probe  
  26  2:46  Probe  
  26  2:49  Probe  
  27  2:51  Stalker  
  27  2:58  Probe  
  30  3:01  Probe  
  31  3:06  Robotics Facility  
  31  3:13  Probe (Chrono Boost)  
  31  3:17  Probe (Chrono Boost)  
  32  3:25  Probe (Chrono Boost)  
  32  3:26  Gateway  
  34  3:27  Probe (Chrono Boost)  
  34  3:30  Probe (Chrono Boost)  
  34  3:32  Probe (Chrono Boost)  
  37  3:44  Probe (Chrono Boost)  
  37  3:45  Probe (Chrono Boost)  
  38  3:52  Probe (Chrono Boost)  
  38  3:53  Pylon  
  38  3:54  Probe (Chrono Boost), Observer, Sentry  
  43  3:59  Probe  
  43  4:02  Pylon  
  44  4:03  Probe  
  45  4:11  Probe  
  45  4:15  Probe  
  45  4:20  Adept  
  43  4:24  Adept  
  43  4:28  Probe x2 (Chrono Boost)  
  46  4:40  Probe (Chrono Boost)  
  46  4:43  Probe (Chrono Boost)  
  46  4:45  Probe (Chrono Boost)  
  46  4:46  Observer  
  46  4:50  Probe  
  49  4:54  Probe  
  50  5:00  Nexus  
  50  5:02  Probe, Pylon  
  50  5:04  Stalker  
  50  5:05  Stalker  
  55  5:09  Probe, Observer (Chrono Boost)  
  54  5:14  Probe  
  55  5:21  Probe  
  55  5:26  Probe  
  57  5:31  Immortal (Chrono Boost)  
  61  5:37  Stalker, Shield Battery  
  61  5:38  Probe x2  
  65  5:45  Observer, Robotics Bay  
  65  5:50  Probe x2  
  65  5:53  Assimilator  
  65  5:55  Assimilator  
  67  6:00  Observer (Chrono Boost)  
  67  6:02  Probe  
  67  6:03  Probe  
  70  6:14  Probe  
  70  6:15  Probe, Stalker x2  
  68  6:41  Stalker  
  68  6:42  Zealot  
  68  6:45  Gateway  
  72  6:49  Gateway  
  72  6:52  Gateway  
  64  6:54  Gateway  
  62  7:03  Stalker  
  62  7:04  Stalker  
  62  7:05  Probe x2  
Tags
 
Add a new tag
Caveats
  • Supply blocks, unpowered buildings, or Contaminate may cause inaccurate times.
  • Supply counts are checked every 10 seconds.